 Dungeon Crawl Stone Soup version 0.27-a0-1193-g8631133539 (webtiles) character file.

Game seed: 28726952347989005

135 robertstho the Insei (level 4, -2/36 HPs)
             Began as a Draconian Transmuter on May 25, 2021.
             Slain by Duvessa
             ... wielding a +0 short sword
              (9 damage)
             ... on level 4 of the Dungeon.
             The game lasted 00:03:23 (3706 turns).

robertstho the Insei (Draconian Transmuter)         Turns: 3706, Time: 00:03:23

Health: -2/36      AC:  5    Str: 12    XL:     4   Next: 97%
Magic:  7/8        EV: 12    Int: 14    God:
Gold:   132        SH:  0    Dex: 12    Spells: 5/8 levels left

rFire    . . .     SeeInvis .     - Unarmed
rCold    . . .     Faith    .   (no shield)
rNeg     . . .     Spirit   .   (armour unavailable)
rPois    .         Reflect  .   (helmet currently unavailable)
rElec    .         Harm     .   (no cloak)
rCorr    .         Rampage  .   (no gloves)
Will     .....                  (boots currently unavailable)
Stlth    +.........             (no amulet)
HPRegen  0.12/turn              (no ring)
MPRegen  0.11/turn              (no ring)

@: appendages (expiring), attractive
A: horns 2, talons 2, AC +5, unfitting armour, cold-blooded
a: End Transformation


You were on level 4 of the Dungeon.
You had temporarily grown beastly horns and talons.
You visited 1 branch of the dungeon, and saw 4 of its levels.

You collected 132 gold pieces.

Inventory:

Hand Weapons
 m - a +1 vorpal falchion
Missiles
 n - 8 atropa-tipped darts
Jewellery
 i - a ring of poison resistance
Scrolls
 c - a scroll of teleportation {unknown}
 d - a scroll of enchant armour {unknown}
 f - a scroll of fog {unknown}
 g - a scroll of blinking {unknown}
 h - 2 scrolls of magic mapping {unknown}
 j - a scroll of vulnerability {unknown}
 l - 2 scrolls of identify {unknown}
 o - a scroll of silence {unknown}
 p - a scroll of brand weapon {unknown}
Potions
 a - a potion of attraction
 b - 2 potions of lignification {unknown}
 e - 3 potions of degeneration {unknown}
 k - 2 potions of cancellation {unknown}


   Skills:
 * Level 2.2 Fighting
 + Level 2.3 Dodging
 + Level 0.4 Stealth
 + Level 4.2 Unarmed Combat
 * Level 2.9 Spellcasting
 + Level 2.1 Transmutations


You had 5 spell levels left.
You knew the following spells:

 Your Spells              Type           Power      Damage    Failure   Level
a - Beastly Appendage     Tmut           16%        N/A       9%          1
b - Wereblood             Tmut           8%         N/A       14%         2

Your spell library contained the following spells:

 Spells                   Type           Power      Damage    Failure   Level
 Magic Dart               Conj           8%         1d3       22%         1
 Searing Ray              Conj           4%         3d3       32%         2
 Spider Form              Tmut/Pois      2%         N/A       38%         3
 Dazzling Flash           Conj/Hex       4%         N/A       54%         3
 Ice Form                 Ice/Tmut       5%         N/A       80%         4
 Fulminant Prism          Conj/Hex       1%         3d6       91%         4
 Iskenderun's Mystic Bla  Conj/Tloc      2%         2d3       91%         4
 Hydra Form               Tmut           4%         N/A       94%         5


Dungeon Overview and Level Annotations

Branches:
Dungeon (4/15)
 Temple: D:4-7

Altars:
Ashenzari

Annotations:
D:4 Dowan, Duvessa


Innate Abilities, Weirdness & Mutations

You have temporarily grown beastly horns and talons.
Your plain brown scales are hard. (AC +5)
You cannot fit into any form of body armour.
You are cold-blooded and may be slowed by cold attacks.


Message History

Duvessa shouts!
Duvessa seems to speed up.
You see here 13 gold pieces.
You now have 132 gold pieces (gained 13).
Dowan points at you and mumbles some strange words.
The puff of flame hits you!
Casting: Beastly Appendage (safe; 9% risk of failure)
Press: ? - help, Q - select action, (/) - cycle Dir - look around, f - activate You grow a pair of large bovine horns.
Your feet morph into talons.
Duvessa hits you with a +0 short sword. Duvessa hits you with a +0 short sword!
You hit Duvessa.
Duvessa is lightly wounded.
Duvessa hits you with a +0 short sword!
You hit Duvessa but do no damage. You headbutt Duvessa, but do no damage.
You tail-slap Duvessa, but do no damage.
Duvessa is lightly wounded.
Duvessa completely misses you.
You hit Duvessa. You claw Duvessa, but do no damage.
You tail-slap Duvessa, but do no damage.
Duvessa is lightly wounded.
Your transformation is almost over.
Duvessa barely misses you. Duvessa closely misses you.
Dowan says, "My weaknesses are her strengths!"
You closely miss Duvessa. You claw Duvessa, but do no damage.
Duvessa is lightly wounded.
Duvessa hits you with a +0 short sword!
* * * LOW HITPOINT WARNING * * *
You completely miss Duvessa. Your kick misses Duvessa.
Duvessa is lightly wounded.
Duvessa barely misses you.
Dowan casts a spell.
Dowan blinks!
You hit Duvessa but do no damage. Your kick misses Duvessa.
You headbutt Duvessa.
Duvessa is moderately wounded.
Duvessa completely misses you. Duvessa closely misses you.
It was a potion of attraction.
You feel attractive to monsters. Duvessa hits you with a +0 short sword!
You die...

#### #.. #.# #.# #.# ..#
#@#########..#
#e#.......#..#
#Z#.####..#..#
#######§#.#...).#..#####
..........#.....#......#
..........#......#
..........#.#.†..#
...e......#...#..#
...Z......#.#.#..#


You could see Duvessa (fast) and a hound skeleton.

Vanquished Creatures
  An iguana (D:4)
  Robin (D:3)
  An adder (D:3)
  A worm (D:3)
  3 dart slugs
  3 orcs (D:3)
  8 ball pythons
  6 endoplasms
  2 giant cockroaches
  14 goblins
  8 hobgoblins
  3 jackals (D:2)
  3 kobolds
  4 quokkas (D:1)
  6 bats
  3 frilled lizards
  4 rats
71 creatures vanquished.

Notes
Turn   | Place    | Note
-------+----------+-------------------------------------------
     0 | D:1      | robertstho the Draconian Transmuter began the quest for the
                  | Orb.
     0 | D:1      | Reached XP level 1. HP: 16/16 MP: 3/3
   124 | D:1      | Reached XP level 2. HP: 13/23 MP: 3/5
   719 | D:1      | Reached XP level 3. HP: 21/28 MP: 4/6
  1182 | D:2      | Found a faded altar of an unknown god.
  2635 | D:3      | Found a broken altar of Ashenzari.
  2691 | D:3      | Reached XP level 4. HP: 36/36 MP: 8/8
  2705 | D:3      | Noticed Robin
  2712 | D:3      | Learned a level 2 spell: Wereblood
  2733 | D:3      | Killed Robin
  2922 | D:3      | Reached skill level 4 in Unarmed Combat
  3690 | D:4      | Noticed Duvessa
  3690 | D:4      | Noticed Dowan
  3706 | D:4      | Slain by Duvessa

Illustrated notes

Levels and vault maps discovered:
D:1:      dpeg_arrival_simpleton_a, layout_rooms, minmay_close_crescents
D:2:      layout_basic, basic_ecumenical_altar
D:3:      minmay_skewed_foursquare, layout_rooms,
          nicolae_overflow_hidden_temple, st_stairs_6, uniq_robin
D:4:      layout_basic, lemuel_doored_altar, lemuel_temple_firewalk_a,
          uniq_duvessa, uniq_natasha

Skill      XL: |  1  2  3  4 |
---------------+-------------+-----
Dodging        | 2 |  2.3
Fighting       | 2 |  2.2
Unarmed Combat | 4 |  4.2
Stealth        | |  0.4
Spellcasting   | |  2.9
Transmutations | |  2.1

Action                   |  1- 3 |  4- 6 || total
-------------------------+-------+-------++-------
Melee: Unarmed           |   157 |    65 ||   222
       Headbutt          |     4 |     3 ||     7
       Kick              |     5 |     8 ||    13
       Tailslap          |    13 |    10 ||    23
       Punch             |     2 |     1 ||     3
 Cast: Beastly Appendage |     7 |     3 ||    10
       Wereblood         |       |     1 ||     1
  Use: Potion            |       |     1 ||     1
 Stab: Sleeping          |     1 |     1 ||     2
Armor: Skin              |    54 |    10 ||    64
Dodge: Dodged            |   112 |    28 ||   140

Table legend: (Time is in decaauts)
 A = Elapsed time spent in this place.
 B = Non-inter-level travel time spent in this place.
 C = Inter-level travel time spent in this place.
 D = Time resting spent in this place.
 E = Time spent auto-exploring this place.
 F = Levels seen in this place.
 G = Mean time per level.
                   A        B        C        D        E       F      G
               +--------+--------+--------+--------+--------+-----+--------+
         Total |   3693 |   3627 |     66 |      0 |   3139 |   4 |  923.2 |
       Dungeon |   3693 |   3627 |     66 |      0 |   3139 |   4 |  923.2 |
               +--------+--------+--------+--------+--------+-----+--------+

Top non-repeatable levels by time:
     D:3: 1215 daAuts
     D:1: 1113 daAuts
     D:2: 1065 daAuts
     D:4: 298 daAuts
